 Dungeon Crawl Stone Soup version 0.21.1-1-g345015f (webtiles) character file.

215675 JeffiDaFish the Eclecticist (level 18, -4/92 HPs)
             Began as a Deep Elf Earth Elementalist on June 2, 2018.
             Was the Champion of Sif Muna.
             Slain by a ghost moth (5 damage)
             ... on level 3 of the Spider Nest on June 6, 2018.
             The game lasted 02:38:36 (45401 turns).

JeffiDaFish the Eclecticist (DEEE)                 Turns: 45401, Time: 02:38:37

Health: -4/92      AC: 18    Str: 10 (11) XL:     18   Next: 33%
Magic:  0/59       EV: 24    Int: 28 (29) God:    Sif Muna [******]
Gold:   2125       SH: 16    Dex: 18 (19) Spells: 12/57 levels left

rFire    + . .     SeeInvis .   l - staff of power
rCold    . . .     Gourm    .   s - +3 buckler {reflect}
rNeg     . . .     Faith    .   R - +2 robe {MR+}
rPois    +         Spirit   .   X - +2 hat "Lipat" {+Fly rF+ Str+4 Slay-6}
rElec    +         Reflect  +   C - +2 cloak
rCorr    .         Harm     .   r - +2 pair of gloves of Gravitas {rElec Regen+ Dex+4}
MR       ++...                  P - +0 pair of boots of Amorality {Str+2 Stlth+}
Stlth    +++.......             O - brooch of Shielding {Reflect SH+8}
HPRegen  0.65/turn              E - +3 ring of protection
MPRegen  0.36/turn              L - ring of poison resistance

@: no casting
A: antennae 1, thin metallic scales 1
}: 1/15 runes: decaying
a: Stop Divine Energy, Channel Magic, Forget Spell, Renounce Religion, Evoke
Flight


You were on level 3 of the Spider Nest.
You worshipped Sif Muna.
Sif Muna was exalted by your worship.
You were hungry.

You visited 6 branches of the dungeon, and saw 32 of its levels.
You also visited: Labyrinth.

You collected 2831 gold pieces.
You spent 706 gold pieces at shops.

Inventory:

Hand Weapons
 z - the +9 dagger of the Genius {protect, -Tele Int+3 Stlth+, unknown}
   (You found it on level 2 of the Swamp)

   It protects the one who uses it against injury (+AC on strike).
   It affects your intelligence (+3).
   It prevents most forms of teleportation.
   It makes you more stealthy.
Missiles
 b - 642 stones (quivered)
Armour
 r - the +2 pair of gloves of Gravitas (worn) {rElec Regen+ Dex+4}
   (You found it on level 5 of the Dungeon)

   It affects your dexterity (+4).
   It insulates you from electricity.
   It increases your rate of regeneration.
 s - a +3 buckler of reflection (worn)
 x - a +2 hat of magic resistance
 C - a +2 cloak (worn)
 D - the +3 leather armour "Soonumad" {rC+}
   (You found it on level 4 of the Swamp)

   It protects you from cold.
 P - the +0 pair of boots of Amorality (worn) {Str+2 Stlth+}
   (You found it in a labyrinth)

   It affects your strength (+2).
   It makes you more stealthy.
 R - a +2 robe of magic resistance (worn)
 X - the +2 hat "Lipat" (worn) {+Fly rF+ Str+4 Slay-6}
   (You found it on level 2 of the Orcish Mines)

   It affects your strength (+4).
   It affects your accuracy and damage with ranged weapons and melee attacks
   (-6).
   It protects you from fire.
   It lets you fly.
Magical Staves
 l - an uncursed staff of power (weapon)
Jewellery
 p - an uncursed ring of protection from cold
 E - a +3 ring of protection (left hand)
 L - a ring of poison resistance (right hand)
 M - a +3 ring of protection
 O - the brooch of Shielding (around neck) {Reflect SH+8}
   (You found it in a labyrinth)

   [amulet of reflection]

   It shields you and reflects attacks.
   It affects your SH (+8).
Wands
 t - a wand of digging (63)
 y - a wand of disintegration (40)
 K - a wand of iceblast (23)
Scrolls
 g - 5 scrolls of enchant weapon
 j - 9 scrolls of amnesia
 m - 7 scrolls of teleportation
 u - a scroll of acquirement
 w - 7 scrolls of remove curse
 Q - 5 scrolls of magic mapping
 U - 4 scrolls of fog
 V - 6 scrolls of identify
Potions
 i - 4 potions of curing
 k - 2 potions of magic
 n - 3 potions of invisibility
 o - 3 potions of haste
 q - 6 potions of mutation
 v - 4 potions of ambrosia
 A - 2 potions of flight
 I - a potion of agility
Books
 c - Afrijoc's Guide on the Mountains and Dark Secrets
   (Sif Muna gifted it to you on level 3 of the Spider Nest)

   Spells                             Type                      Level
   a - Animate Skeleton               Necromancy                   1
   b - Excruciating Wounds            Charms/Necromancy            5
   c - Lehudib's Crystal Spear        Conjuration/Earth            8
   d - Infestation                    Necromancy                   8
 e - Sif Muna's Volume of Confrontation
   (Sif Muna gifted it to you on level 1 of the Spider Nest)

   Spells                             Type                      Level
   a - Magic Dart                     Conjuration                  1
   b - Searing Ray                    Conjuration                  2
   c - Fulminant Prism                Conjuration/Hexes            4
   d - Sticky Flame                   Conjuration/Fire             4
   e - Spellforged Servitor           Conjuration/Summoning        7
   f - Chain Lightning                Conjuration/Air              8
 h - Sif Muna's Volume of Displaced Ice
   (Sif Muna gifted it to you on level 15 of the Dungeon)

   Spells                             Type                      Level
   a - Ozocubu's Armour               Charms/Ice                   3
   b - Summon Ice Beast               Ice/Summoning                4
   c - Bolt of Cold                   Conjuration/Ice              6
   d - Dispersal                      Translocation                6
 B - Sif Muna's Catalogue of Air
   (Sif Muna gifted it to you on level 1 of the Swamp)

   Spells                             Type                      Level
   a - Lightning Bolt                 Conjuration/Air              5
   b - Deflect Missiles               Charms/Air                   6
   c - Freezing Cloud                 Conjuration/Ice/Air          6
   d - Conjure Ball Lightning         Conjuration/Air              6
 G - Sif Muna's Papyrus of Quantum Transmigration
   (Sif Muna gifted it to you on level 6 of the Lair of Beasts)

   Spells                             Type                      Level
   a - Portal Projectile              Hexes/Translocation          3
   b - Recall                         Summoning/Translocation      3
   c - Summon Forest                  Summoning/Translocation      5
   d - Hydra Form                     Transmutation                6
   e - Controlled Blink               Translocation                8
 J - Sif Muna's Reference Book on Black Secrets
   (Sif Muna gifted it to you on level 2 of the Spider Nest)

   Spells                             Type                      Level
   a - Sublimation of Blood           Necromancy                   2
   b - Dispel Undead                  Necromancy                   5
   c - Infestation                    Necromancy                   8
   d - Necromutation                  Transmutation/Necromancy     8
Miscellaneous
 a - a crystal ball of energy
 F - a phantom mirror
Comestibles
 d - 44 rations


   Skills:
 + Level 3.3 Fighting
 + Level 14.1 Dodging
 - Level 2.4 Stealth
 - Level 4.0 Shields
 * Level 20.4 Spellcasting
 * Level 17.5 Conjurations
 + Level 9.9 Necromancy
   Level 1.1 Transmutations
 * Level 18.4 Earth Magic


You had 12 spell levels left.
You knew the following spells:

 Your Spells              Type           Power        Failure   Level  Hunger
a - Sandblast             Erth           ######       0%          1    None
b - Stone Arrow           Conj/Erth      ######       0%          3    None
c - Lee's Rapid Deconstr  Erth           #######...   1%          5    None
d - Bolt of Draining      Conj/Necr      #######...   1%          5    None
e - Confuse               Hex            ####....     4%          3    None
f - Bolt of Magma         Conj/Fire/Erth #######...   1%          5    None
g - Borgnjor's Vile Clut  Necr/Erth      #######...   1%          5    None
h - Iron Shot             Conj/Erth      #######...   1%          6    None
i - Orb of Destruction    Conj           #######...   1%          7    ####...
j - Dispel Undead         Necr           ######..     1%          5    None


Dungeon Overview and Level Annotations

Branches:
Dungeon (15/15)            Temple (1/1) D:6            Lair (6/6) D:9
  Swamp (4/4) Lair:4       Spider (4/4) Lair:3        Slime (0/5) Lair:6
    Orc (2/2) D:11            Elf (0/3) Orc:2        Vaults (0/5) D:14
 Depths (0/5) D:15

Altars:
Ashenzari
Cheibriados
Dithmenos
Elyvilon
Fedhas
Gozag
Hepliaklqana
Kikubaaqudgha
Makhleb
Nemelex Xobeh
Okawaru
Qazlal
Ru
Sif Muna
Trog
Uskayaw
Vehumet
Wu Jian
Xom
Yredelemnul
Zin
The Shining One
Beogh
Jiyva

Shops:
D:4 [   D:12 :}   D:15 :   Orc:1 [   Orc:2 *(*?

Portals:
Hell: Lair:6
Trove: D:12 (give 4 scrolls of blinking)

Annotations:
Lair:4 exclusion: 3 oklob plants
Spider:4 Louise, Mara


Innate Abilities, Weirdness & Mutations

You have a pair of small antennae on your head.
You are partially covered in thin metallic scales. (AC +2)


Message History

The jumping spider closely misses you. You block the jumping spider's attack.
The wolf spider barely misses you. You block the wolf spider's attack.
The jumping spider leaps!
Something hits you but does no damage. Something misses you.
Something stings you but does no damage.
The wolf spider hits you but does no damage.
The wolf spider barely misses you. You block the wolf spider's attack. x2
You feel you are being watched by something.
You feel your power leaking away. Something closely misses you.
Something hits you but does no damage. Something stings you.
* * * LOW HITPOINT WARNING * * *
The wolf spider closely misses you.
The wolf spider bites you but does no damage.
Something hits you!
* * * LOW HITPOINT WARNING * * *
You feel dopey. Something hits you but does no damage. Something stings you.
You die...

##.####....≈≈≈≈≈≈≈≈..^####.######
##'# #...≈≈≈≈≈≈≈≈....# #'## #.##
#..≈≈≈≈⌠.≈≈≈≈...# ##.## .##
#.≈≈≈≈≈.≈.≈≈≈≈..# ##.## ##
##.≈≈≈≈.....†≈≈..## ##.## #
##'.≈≈≈..)..≈≈≈≈..'## ##.##
#####.#.≈#####'####≈≈##.#######.#
.....#####'...^s.'######......^##
#.#### ##.#..^>{@#^## ####.####
#'# ##.##..>.s.##.## #'#
#.#####.###..§>..###.######.#
#...^..## ######## ##^^.....#
######## #########


You could see a wolf spider and a jumping spider.

Vanquished Creatures
  the Lernaean hydra (Swamp:4)
  Gastronok (D:8)
  2 thorn hunters (Swamp:3)
  Agnes (Spider:3)
  Donald (Swamp:2)
  Kirke (Spider:1)
  Roxanne (Swamp:3)
  A ghost moth (Spider:3)
  5 emperor scorpions
  6 entropy weavers
  An ettin (D:15)
  A minotaur (Lab)
  A ghost crab (Swamp:1)
  22 hydras
  5 centaur warriors
  A queen ant (Spider:2)
  2 death yaks (Lair:2)
  A death knight (D:12)
  4 two-headed ogres
  9 alligators
  A tengu warrior (D:15)
  Urug (D:15)
  6 orc high priests (Orc:2)
  A sun demon (Lair:6)
  A hell knight (D:15)
  6 unseen horrors
  3 wizards
  10 swamp dragons
  2 spriggan druids
  A deep elf archer (D:15)
  A wolf spider zombie (D:14)
  8 orc knights (Orc:2)
  6 ugly things
  A phantasmal warrior (D:14)
  7 deep elf magi
  The ghost of Rathner the Covered, a novice GnWn of Okawaru (D:6)
  3 oklob plants
  21 wolf spiders
  13 orb spiders
  A moth of wrath (Spider:2)
  5 cyclopes
  4 black mambas
  11 elephants
  A guardian serpent (shapeshifter) (D:14)
  16 spiny frogs
  Joseph (D:8)
  An orange demon (Lair:6)
  2 torpor snails
  2 yaktaurs
  8 rime drakes
  6 komodo dragons
  An ice devil (Lair:6)
  A hellwing (Lair:6)
  6 trolls
  3 red devils (Lair:6)
  9 demonic crawlers
  7 tyrant leeches
  33 jumping spiders
  7 hornets
  Prince Ribbit (D:5)
  9 bog bodies
  14 hippogriffs
  A wolf spider simulacrum (D:15)
  32 slime creatures
  5 blink frogs (Lair:2)
  13 dream sheep
  4 spriggans
  5 wyverns
  A wraith (D:12)
  77 redbacks
  6 shadows
  20 tarantellas
  35 yaks
  5 large abominations (D:9)
  The ghost of Rathner the Charmwright, an amateur GnSk (D:3)
  7 basilisks
  16 vampire mosquitoes
  A hungry ghost (D:15)
  18 swamp worms
  A soldier ant (shapeshifter) (D:14)
  3 wargs (Orc:2)
  22 insubstantial wisps
  27 soldier ants
  An acid dragon (D:13)
  12 water moccasins
  4 hell hounds (Lair:6)
  9 porcupines
  17 swamp drakes
  A black bear (D:9)
  27 orc warriors
  7 ice beasts
  3 sky beasts
  2 eyes of draining
  4 phantoms
  2 necrophages
  9 ogres
  18 centaurs
  6 wolves (Lair:3)
  16 crocodiles
  7 small abominations (D:9)
  3 big kobolds
  18 bullfrogs
  A wyvern skeleton (D:11)
  5 scorpions
  3 killer bees (D:12)
  6 wights
  A spriggan skeleton (D:13)
  A troll skeleton (D:13)
  An electric eel (Lair:3)
  3 howler monkeys
  7 crimson imps
  7 centaur skeletons
  3 bullfrog zombies
  28 orc priests
  8 hounds
  17 orc wizards
  An iron imp (Orc:2)
  6 jellies
  2 bullfrog skeletons
  An iguana (D:7)
  24 worker ants
  A statue (D:8)
  2 hound skeletons
  A worker ant zombie (D:2)
  7 gnolls
  7 adders
  4 shadow imps
  A white imp (Orc:2)
  2 oozes
  An adder skeleton (D:5)
  2 worms
  2 dart slugs
  6 leopard geckos
  64 orcs
  2 ball pythons
  5 bats
  2 giant cockroaches
  10 hobgoblins
  19 jackals
  25 kobolds
  5 quokkas
  7 frilled lizards
  8 goblins
  9 rats
  A bush (Lair:5)
  2 fungi (Lair:3)
  3 plants
1098 creatures vanquished.

Vanquished Creatures (collateral kills)
  A phantom (D:8)
  A hound zombie (D:8)
2 creatures vanquished.

Vanquished Creatures (others)
  Arachne (Spider:2)
  A tyrant leech (Lair:4)
  A tarantella (Spider:2)
  7 humans
  An orc warrior (Orc:2)
  An orc priest (Orc:2)
  2 orcs (Orc:2)
14 creatures vanquished.

Grand Total: 1114 creatures vanquished

Notes
Turn   | Place    | Note
-------+----------+-------------------------------------------
     0 | D:1      | JeffiDaFish the Deep Elf Earth Elementalist began the quest for the Orb.
     0 | D:1      | Reached XP level 1. HP: 10/10 MP: 6/6
   139 | D:1      | Reached XP level 2. HP: 13/15 MP: 4/8
   256 | D:1      | Gained mutation: You have a pair of small antennae on your head. [potion of mutation]
   256 | D:1      | Gained mutation: You are partially covered in thin metallic scales. (AC +2) [potion of mutation]
   721 | D:1      | Reached XP level 3. HP: 14/19 MP: 7/10
  1541 | D:2      | Reached skill level 4 in Spellcasting
  1812 | D:2      | Reached XP level 4. HP: 22/24 MP: 7/12
  1826 | D:2      | Learned a level 3 spell: Stone Arrow
  3084 | D:3      | Noticed a sky beast
  3093 | D:3      | Killed a sky beast
  3093 | D:3      | Reached skill level 5 in Spellcasting
  3093 | D:3      | Reached skill level 5 in Earth Magic
  3093 | D:3      | Reached XP level 5. HP: 17/28 MP: 1/14
  3154 | D:3      | Noticed Rathner's ghost (amateur GnSk)
  3546 | D:3      | Reached skill level 1 in Conjurations
  3655 | D:3      | Killed Rathner's ghost
  3655 | D:3      | Reached skill level 6 in Spellcasting
  3655 | D:3      | Reached XP level 6. HP: 9/32 MP: 1/17
  4001 | D:3      | Found a white marble altar of Elyvilon.
  4138 | D:3      | Found a shadowy altar of Dithmenos.
  4354 | D:3      | Found a faded altar of an unknown god.
  4889 | D:4      | Found Vemiffas's Armour Emporium.
  4903 | D:4      | Reached XP level 7. HP: 26/36 MP: 9/18
  5121 | D:4      | Learned a level 5 spell: Lee's Rapid Deconstruction
  5144 | D:4      | Learned a level 1 spell: Animate Skeleton
  5654 | D:5      | Entered Level 5 of the Dungeon
  5718 | D:5      | Reached skill level 7 in Spellcasting
  5735 | D:5      | Got a pair of translucent gloves
  5741 | D:5      | Identified the +2 pair of gloves of Gravitas {rElec Regen+ Dex+4} (You found it on level 5 of the Dungeon)
  5819 | D:5      | Noticed Prince Ribbit
  5903 | D:5      | Killed Prince Ribbit
  5903 | D:5      | Reached skill level 5 in Dodging
  5903 | D:5      | Reached XP level 8. HP: 41/41 MP: 8/21
  6453 | D:6      | Reached skill level 8 in Spellcasting
  6515 | D:6      | Noticed Rathner's ghost (novice GnWn)
  6527 | D:6      | Killed Rathner's ghost
  6636 | D:6      | Reached skill level 9 in Spellcasting
  6939 | D:6      | Reached XP level 9. HP: 45/45 MP: 24/24
  7043 | D:6      | Found a staircase to the Ecumenical Temple.
  7048 | Temple   | Entered the Ecumenical Temple
  7749 | D:6      | Got a shimmering war axe
  7855 | D:7      | Found a shattered altar of Ashenzari.
  7897 | D:7      | Found an opulent altar of Gozag.
  7989 | D:7      | Reached skill level 1 in Necromancy
  8133 | D:7      | Identified the +9 war axe "Jituvvos" {elec, +Inv rN+} (You found it on level 6 of the Dungeon)
  8149 | D:7      | Reached skill level 5 in Conjurations
  8210 | D:7      | Reached skill level 10 in Spellcasting
  8326 | D:7      | Found a sparkling altar of Nemelex Xobeh.
  9114 | D:8      | Noticed Joseph
  9126 | D:8      | Killed Joseph
  9174 | D:8      | Reached XP level 10. HP: 50/50 MP: 14/26
  9276 | D:8      | Noticed Gastronok
  9290 | D:8      | Killed Gastronok
  9290 | D:8      | Reached skill level 11 in Spellcasting
  9290 | D:8      | Reached skill level 10 in Earth Magic
  9596 | D:8      | Found a radiant altar of Vehumet.
  9635 | D:9      | Noticed a two-headed ogre
  9641 | D:9      | Killed a two-headed ogre
  9676 | D:9      | Found a staircase to the Lair.
  9845 | D:9      | Reached skill level 12 in Spellcasting
  9868 | D:9      | Found a deep blue altar of Sif Muna.
  9876 | D:9      | Became a worshipper of Sif Muna the Loreminder
  9940 | D:9      | Reached skill level 5 in Necromancy
 10013 | D:9      | Reached XP level 11. HP: 54/54 MP: 29/29
 10251 | D:9      | Found a hide-covered altar of Uskayaw.
 10366 | D:9      | Noticed a wizard
 10370 | D:9      | Killed a wizard
 10579 | D:9      | Learned a level 3 spell: Confuse
 10944 | D:9      | Reached * piety under Sif Muna
 11283 | D:9      | Learned a level 5 spell: Bolt of Magma
 11354 | D:10     | Entered Level 10 of the Dungeon
 11364 | D:10     | Noticed a two-headed ogre
 11370 | D:10     | Killed a two-headed ogre
 11520 | D:10     | Got an ancient ring mail
 11531 | D:10     | Identified the +5 ring mail of Coucson {-Tele MR+ rCorr Slay+5} (You found it on level 10 of the Dungeon)
 11596 | D:10     | Killed an unseen horror
 11838 | D:10     | Reached ** piety under Sif Muna
 11838 | D:10     | Reached skill level 13 in Spellcasting
 12183 | Lair:1   | Entered Level 1 of the Lair of Beasts
 12567 | Lair:1   | Learned a level 5 spell: Borgnjor's Vile Clutch
 12705 | Lair:1   | Reached skill level 1 in Shields
 12744 | Lair:1   | Noticed a six-headed hydra
 12761 | Lair:1   | Killed a six-headed hydra
 12810 | Lair:1   | Noticed an eight-headed hydra
 12815 | Lair:1   | Killed an eight-headed hydra
 12815 | Lair:1   | Reached skill level 10 in Conjurations
 12815 | Lair:1   | Reached XP level 12. HP: 59/59 MP: 3/31
 13432 | Lair:2   | Reached *** piety under Sif Muna
 13975 | Lair:2   | Learned a level 6 spell: Iron Shot
 14026 | Lair:2   | Reached skill level 14 in Spellcasting
 14416 | Lair:2   | Found a shimmering altar of Xom.
 14425 | Lair:2   | Noticed a death yak
 14425 | Lair:2   | Noticed a death yak
 14449 | Lair:2   | Killed a death yak
 14454 | Lair:2   | Killed a death yak
 15146 | Lair:2   | Noticed a four-headed hydra
 15150 | Lair:2   | Killed a four-headed hydra
 15150 | Lair:2   | Reached skill level 10 in Dodging
 15449 | Lair:3   | Reached **** piety under Sif Muna
 15466 | Lair:3   | Identified the Incunabulum of the Excruciating Glacier
 16087 | Lair:3   | Identified Sif Muna's Volume of Assistive Calling
 16139 | Lair:3   | Found a hole to the Spider Nest.
 16455 | Lair:3   | Reached XP level 13. HP: 63/63 MP: 33/33
 16891 | Lair:4   | Found a staircase to the Swamp.
 17462 | Lair:4   | Reached skill level 15 in Spellcasting
 18813 | Lair:6   | Entered Level 6 of the Lair of Beasts
 18822 | Lair:6   | Reached ***** piety under Sif Muna
 19373 | Lair:6   | Found a viscous altar of Jiyva.
 19373 | Lair:6   | Found a staircase to the Slime Pits.
 19374 | Lair:6   | Identified Sif Muna's Papyrus of Quantum Transmigration (Sif Muna gifted it to you on level 6 of the Lair of Beasts)
 19374 | Lair:6   | Received a gift from Sif Muna
 19374 | Lair:6   | Reached XP level 14. HP: 68/68 MP: 35/35
 20665 | Lair:6   | Found a burning altar of Makhleb.
 20923 | Lair:6   | Found a gateway to Hell.
 21501 | D:11     | Reached skill level 16 in Spellcasting
 21908 | D:11     | Found a staircase to the Orcish Mines.
 22166 | D:11     | Found a roughly hewn altar of Beogh.
 23012 | D:12     | Found Iqurim's Gadget Boutique.
 23057 | D:12     | Reached skill level 15 in Earth Magic
 23060 | D:12     | Reached XP level 15. HP: 72/72 MP: 22/37
 23445 | D:12     | Received a gift from Sif Muna
 23918 | D:12     | Found Izus's Book Shoppe.
 23936 | D:12     | Found a portal to a secret trove of treasure.
 24565 | D:13     | Identified a scroll of acquirement
 25171 | D:13     | Found a runed door.
 25198 | D:13     | Learned a level 5 spell: Bolt of Draining
 26298 | D:14     | Reached skill level 17 in Spellcasting
 26650 | D:14     | Found a gate to the Vaults.
 27220 | D:14     | Found a blossoming altar of Fedhas.
 27308 | D:14     | Noticed Urug
 27857 | D:15     | Entered Level 15 of the Dungeon
 28065 | D:15     | Killed Urug
 28079 | D:15     | Learned a level 7 spell: Orb of Destruction
 28550 | D:15     | Identified Sif Muna's Volume of Displaced Ice (Sif Muna gifted it to you on level 15 of the Dungeon)
 28550 | D:15     | Received a gift from Sif Muna
 28560 | D:15     | Learned a level 5 spell: Dispel Undead
 28574 | D:15     | Found a staircase to the Depths.
 29173 | D:15     | Found Ityth's Book Shop.
 29334 | Orc:1    | Entered Level 1 of the Orcish Mines
 29336 | Orc:1    | Found Asor's Armour Emporium.
 29430 | Orc:1    | Bought a +2 cloak for 198 gold pieces
 29483 | Orc:2    | Entered Level 2 of the Orcish Mines
 29568 | Orc:2    | Found a staircase to the Elven Halls.
 29769 | Orc:2    | Found a labyrinth entrance.
 29793 | Lab      | Entered a labyrinth
 29951 | Lab      | Identified the Collected Works on Virous Ice
 29952 | Lab      | Found the brooch of Shielding {Reflect SH+8}
 29957 | Lab      | Got a pair of pitted boots
 29963 | Lab      | Identified the cursed +0 pair of boots of Amorality {Str+2 Stlth+} (You found it in a labyrinth)
 30016 | Orc:2    | Reached skill level 15 in Conjurations
 30667 | Orc:2    | Reached XP level 16. HP: 62/76 MP: 10/39
 31028 | Orc:2    | Reached skill level 18 in Spellcasting
 31070 | Orc:2    | Found Kops's Magic Scroll Boutique.
 31071 | Orc:2    | Found Eqiatsok's General Store.
 31071 | Orc:2    | Found Gygrit's Antique Weapon Shop.
 31072 | Orc:2    | Found Kett's Assorted Antiques.
 31078 | Orc:2    | Bought a scroll of teleportation for 93 gold pieces
 31078 | Orc:2    | Bought a scroll of blinking for 232 gold pieces
 31078 | Orc:2    | Bought a potion of curing for 93 gold pieces
 31082 | Orc:2    | Bought a scroll of enchant armour for 90 gold pieces
 31302 | Orc:2    | Got a pitted hat
 31315 | Orc:2    | Identified the +2 hat "Lipat" {+Fly rF+ Str+4 Slay-6} (You found it on level 2 of the Orcish Mines)
 31639 | Swamp:1  | Entered Level 1 of the Swamp
 32241 | Swamp:1  | Identified Sif Muna's Catalogue of Air (Sif Muna gifted it to you on level 1 of the Swamp)
 32241 | Swamp:1  | Received a gift from Sif Muna
 33841 | Swamp:2  | Noticed Donald
 33852 | Swamp:2  | Killed Donald
 34086 | Swamp:2  | Got a crude dagger
 35003 | Swamp:3  | Noticed Roxanne
 35085 | Swamp:3  | Killed Roxanne
 35234 | Swamp:3  | Noticed a thorn hunter
 35240 | Swamp:3  | Killed a thorn hunter
 36009 | Swamp:3  | Noticed a thorn hunter
 36015 | Swamp:3  | Killed a thorn hunter
 36238 | Swamp:4  | Entered Level 4 of the Swamp
 36251 | Swamp:4  | Received a gift from Sif Muna
 37032 | Swamp:4  | Got a bloodstained leather armour
 37033 | Swamp:4  | Identified the +3 leather armour "Soonumad" {rC+} (You found it on level 4 of the Swamp)
 37147 | Swamp:4  | Reached skill level 19 in Spellcasting
 37579 | Swamp:4  | Reached XP level 17. HP: 64/80 MP: 32/42
 37772 | Swamp:4  | Noticed the 27-headed Lernaean hydra
 37776 | Swamp:4  | Killed the 27-headed Lernaean hydra
 37930 | Swamp:4  | HP: 3/80 [six-headed hydra (15)]
 37931 | Swamp:4  | HP: 1/80 [poison (poison gas)]
 37936 | Swamp:4  | HP: 2/80 [poison (poison gas)]
 37943 | Swamp:4  | HP: 4/80 [poison (poison gas)]
 38390 | Swamp:4  | Got a decaying rune of Zot
 38697 | Spider:1 | Entered Level 1 of the Spider Nest
 38952 | Spider:1 | Identified Sif Muna's Volume of Confrontation (Sif Muna gifted it to you on level 1 of the Spider Nest)
 38952 | Spider:1 | Received a gift from Sif Muna
 39089 | Spider:1 | Noticed Kirke
 39091 | Spider:1 | Killed Kirke
 39749 | Spider:1 | Reached skill level 1 in Fighting
 40911 | Spider:2 | Noticed Arachne
 40941 | Spider:2 | Killed Arachne
 41916 | Spider:2 | Identified Sif Muna's Reference Book on Black Secrets (Sif Muna gifted it to you on level 2 of the Spider Nest)
 41916 | Spider:2 | Received a gift from Sif Muna
 42158 | Spider:2 | Reached skill level 20 in Spellcasting
 43115 | Spider:3 | Noticed Agnes
 43121 | Spider:3 | Killed Agnes
 43313 | Spider:3 | Reached XP level 18. HP: 91/91 MP: 42/44
 44364 | Spider:4 | Entered Level 4 of the Spider Nest
 44397 | Spider:3 | Identified Afrijoc's Guide on the Mountains and Dark Secrets (Sif Muna gifted it to you on level 3 of the Spider Nest)
 44397 | Spider:3 | Received a gift from Sif Muna
 44778 | Spider:4 | Got a glittering steel ring
 44780 | Spider:4 | Identified the cursed ring of Eternity {rElec rPois rC+ Int-5} (You found it on level 4 of the Spider Nest)
 44971 | Spider:4 | Reached ****** piety under Sif Muna
 45230 | Spider:4 | Noticed Louise
 45385 | Spider:4 | Noticed Mara
 45401 | Spider:3 | HP: 1/92 [something (12)]
 45401 | Spider:3 | Slain by a ghost moth

Skill      XL: |  1  2  3  4  5  6  7  8  9 10 11 12 13 14 15 16 17 18 |
---------------+-------------------------------------------------------+-----
Dodging        | 3 4 5 6 7 8 9 10 11 12 13 14 | 14.1
Spellcasting   | 4 5 6 7 9 10 12 13 14 15 16 17 19 20 | 20.4
Earth Magic    | 4 5 6 8 9 10 11 12 14 15 16 17 18 | 18.4
Conjurations   | 1 2 3 4 6 8 10 11 12 13 15 16 17 | 17.5
Necromancy     | 3 5 6 8 9 |  9.9
Shields        | 1 3 4 |  4.0
Fighting       | 2 3 |  3.3
Stealth        | |  2.4
Transmutations | |  1.1

Action                   |  1- 3 |  4- 6 |  7- 9 | 10-12 | 13-15 | 16-18 || total
-------------------------+-------+-------+-------+-------+-------+-------++-------
Melee: Short sword       |    86 |    72 |    15 |       |       |       ||   173
       Dagger            |     1 |       |       |       |       |       ||     1
       Staff             |       |       |    19 |    11 |    30 |    47 ||   107
Throw: Stone             |       |       |       |       |     2 |       ||     2
 Cast: Sandblast         |    31 |    52 |    41 |    33 |    36 |    51 ||   244
       Stone Arrow       |       |    17 |    82 |   133 |    54 |     7 ||   293
       Lee's Rapid Decon |       |       |    25 |    30 |    47 |    19 ||   121
       Animate Skeleton  |       |       |     5 |     3 |       |       ||     8
       Bolt of Magma     |       |       |       |    55 |   157 |    90 ||   302
       Borgnjor's Vile C |       |       |       |    42 |    87 |    69 ||   198
       Confuse           |       |       |       |     6 |       |       ||     6
       Iron Shot         |       |       |       |    20 |    82 |    61 ||   163
       Bolt of Draining  |       |       |       |       |    46 |   306 ||   352
       Orb of Destructio |       |       |       |       |     7 |   130 ||   137
Invok: Divine Energy     |       |       |       |     1 |       |       ||     1
       Channel Magic     |       |       |       |       |     1 |     1 ||     2
       Forget Spell      |       |       |       |       |     1 |       ||     1
  Use: Scroll            |     4 |     7 |     7 |     6 |    11 |    10 ||    45
       Potion            |     3 |     4 |     4 |     2 |     4 |     3 ||    20
 Stab: Sleeping          |     3 |     4 |       |       |       |       ||     7
  Eat: Chunk             |     2 |    10 |    19 |    30 |    41 |    40 ||   142
       Ration            |       |       |       |     1 |     4 |     8 ||    13
Armor: Robe              |    21 |    27 |    19 |    31 |    26 |   103 ||   227
Dodge: Dodged            |    66 |    80 |    80 |    93 |   126 |   298 ||   743
Block: Buckler           |       |       |       |       |    48 |   318 ||   366
       Reflection        |       |       |       |       |     2 |     7 ||     9
